 Dungeon Crawl Stone Soup version 0.17-a0-1840-g87820a2 (webtiles) character file.

125 kae the Cutter (level 5, 0/30 HPs)
             Began as a Kobold Assassin on Sept 15, 2015.
             Slain by WhatIsLove's ghost (11 damage)
             ... on level 3 of the Dungeon on Sept 16, 2015.
             The game lasted 00:04:19 (2265 turns).

kae the Cutter (Kobold Assassin)                    Turns: 2265, Time: 00:04:19

Health: 0/30       AC:  3    Str:  9    XL:     5   Next: 30%
Magic:  5/5        EV: 14    Int:  9    God:
Gold:   99         SH:  0    Dex: 19    Spells: 0 memorised, 4 levels left

rFire  . . .     SeeInvis .     i - +0 dagger (venom)
rCold  . . .     Clarity  .     c - +0 robe
rNeg   . . .     SustAt   .     (shield restricted)
rPois  .         Gourm    .     (no helmet)
rElec  .         Spirit   .     d - +0 cloak
rCorr  .         Warding  .     (no gloves)
rMut   .         Stasis   .     (no boots)
MR     .....                    (no amulet)
Stlth  ++++......               (no ring)
                                (no ring)

@: not resistant to hostile enchantments, stealthy
A: carnivore 3
a: no special abilities


You were on level 3 of the Dungeon.
You were very full.

You visited 1 branch of the dungeon, and saw 3 of its levels.

You collected 99 gold pieces.

Inventory:

Hand weapons
 a - a +2 dagger
 b - a +0 blowgun
 i - a +0 dagger of venom (weapon)
Missiles
 e - 36 poisoned needles
 f - 2 curare-tipped needles
Armour
 c - a +0 robe (worn)
 d - a +0 cloak (worn)
Jewellery
 o - an uncursed amulet of resist mutation {unknown}
Scrolls
 h - 2 scrolls of immolation
 q - 2 scrolls of amnesia
Comestibles
 g - 4 meat rations
 j - a chunk of flesh


   Skills:
 - Level 2.2 Fighting
 + Level 6.7 Short Blades
 - Level 2.6 Throwing
 - Level 1.2 Dodging
 - Level 5.3 Stealth


You had 4 spell levels left.
You didn't know any spells.

Dungeon Overview and Level Annotations

Branches:
Dungeon (3/15)

Altars:

Annotations:
D:3 WhatIsLove's ghost, average OgCK


Innate Abilities, Weirdness & Mutations

You are small and have problems with some larger weapons.
You are carnivorous and can eat meat at any time.


Message History

WhatIsLove's ghost closely misses you. WhatIsLove's ghost misses you.
You aren't carrying any potions.
Unknown command.
Read which item? (? for menu, Esc to quit)
As you read the scroll labeled IJOYNW QUKEUPIO, it crumbles to dust.
The creatures around you are filled with an inner flame!
It was a scroll of immolation.
You feel yourself speed up.
WhatIsLove's ghost hits you but does no damage.
WhatIsLove's ghost closely misses you.
Read which item? (? for menu, Esc to quit)
As you read the scroll labeled NORCHI KEMNO, it crumbles to dust.
You feel forgetful for a moment.
It was a scroll of amnesia.
WhatIsLove's ghost hits you!
Read which item? (? for menu, Esc to quit)
As you read the scroll labeled HUOHUE JOUG, it crumbles to dust.
The dust glows dull dun!
It was a scroll of random uselessness.
WhatIsLove's ghost hits you!
You die...

#.......#...###................
#......#.......................
#..............................
###.............#.#######...####.
..#.......#....##.# #...# #.
..####.##......##.# #...# ##
......>.###..####.# #...# #
...###..###..####.#### #...#
...###.........W@....# #...#
...##........#.#####.# #...#
...##.#.######.#####.#####.##
##.##.#.# #.##......###.##
........# #.......#......####
######### #.##.##.###.........
#.......# #.#.#.###. #.##.##.#
#.#.#.# #.##>##.# #.#.#.#


You could see WhatIsLove's ghost (inner flame).

Vanquished Creatures
  A worker ant (D:3)
  4 adders (D:2)
  2 oozes
  2 worms (D:3)
  2 giant geckos (D:2)
  An orc (D:3)
  6 giant cockroaches
  7 hobgoblins
  A jackal (D:1)
  7 bats
  A giant newt (D:1)
  7 goblins (D:1)
  3 kobolds (D:1)
  6 rats
50 creatures vanquished.

Notes
Turn   | Place    | Note
--------------------------------------------------------------
     0 | D:1      | kae the Kobold Assassin began the quest for the Orb.
     0 | D:1      | Reached XP level 1. HP: 12/12 MP: 1/1
   150 | D:1      | Reached XP level 2. HP: 17/17 MP: 2/2
   445 | D:1      | Reached XP level 3. HP: 21/21 MP: 3/3
   670 | D:1      | You fall through a shaft!
   812 | D:2      | Reached skill level 5 in Short Blades
  1141 | D:2      | Reached XP level 4. HP: 19/26 MP: 4/4
  1514 | D:2      | Reached skill level 6 in Short Blades
  1872 | D:3      | Noticed WhatIsLove's ghost (average OgCK)
  1886 | D:3      | Upgraded the game from 0.17-a0-1838-g891d947 to 0.17-a0-1840-g87820a2
  1952 | D:3      | Reached XP level 5. HP: 30/30 MP: 5/5
  2265 | D:3      | Slain by WhatIsLove's ghost

Vault maps used:
D:1:      minmay_arrival_solitary_statue
D:3:      first_bread

Action                   |  1- 3 |  4- 6 || total
-------------------------+-------+-------++-------
Melee: Dagger            |   100 |    55 ||   155
  Use: Potion            |       |     4 ||     4
       Scroll            |       |     3 ||     3
 Stab: Sleeping          |     9 |    10 ||    19
  Eat: Chunk             |     9 |     3 ||    12
